AoeStats
← CrookCrab8029

Arena

508358104Analyzed
1v1 RM · 10d ago on Sep 22, 2026· 62m 2s· 2 players
Game mode
Random Map
Map size
Tiny (2 player)
Population
200
Speed
Normal
Resources
Standard
Victory
Conquest
Starting age
Dark Age
Ending age
Imperial Age
RankedLock teamsTeams togetherTeam positionsShared explorationLock speedFull tech treeHidden civsTurbo modeCheats
Victory
Defeat
🇲🇽 Malay · Mexico
1086
+15
🇪🇸 Bohemians · Spain
1068
-15
jana
11:06 Feudal Age
16:01 Castle Age
13:47 Loom
13:53 Double-Bit Axe
13:59 Horse Collar
19:25 Wheelbarrow
24:46 Fletching
28:43 Chemistry
33:00 Imperial Age
35:20 Bow Saw
35:38 Pikeman
38:09 Scale Barding Armor
38:14 Forging
37:59 Bodkin Arrow
38:31 Hand Cart
37:39 Light Cavalry
40:41 Padded Archer Armor
41:02 Chain Barding Armor
41:17 Iron Casting
41:08 Hussite Reforms
41:25 Conscription
42:18 Fortified Wall
42:29 Ballistics
44:36 Heavy Plow
45:07 Leather Archer Armor
46:38 Two-Man Saw
46:46 Husbandry
52:41 Masonry
54:17 Elite Hussite Wagon
59:01 Siege Engineers
59:26 Architecture
CrookCrab8029
0:51 Loom
11:15 Feudal Age
16:04 Castle Age
15:41 Double-Bit Axe
25:39 Squires
27:10 Forging
27:23 Horse Collar
28:39 Wheelbarrow
28:12 Heavy Plow
29:59 Gold Mining
31:59 Iron Casting
34:28 Fletching
34:39 Padded Archer Armor
35:29 Bow Saw
34:50 Elite Skirmisher
36:24 Thumb Ring
36:16 Bodkin Arrow
39:58 Imperial Age
39:31 Bracer
39:53 Hand Cart
39:15 Elite Karambit Warrior
41:01 Leather Archer Armor
41:15 Ballistics
42:39 Ring Archer Armor
42:46 Conscription
45:43 Chemistry
44:49 Arson
47:36 Blast Furnace
50:06 Conscription
56:48 Masonry
56:44 Siege Engineers
57:27 Gold Shaft Mining
Connection lost

Rejoining the realm…

Still unreachable

The connection could not be restored.

Session expired

The server has moved on; the page needs a fresh start.